 Dungeon Crawl Stone Soup version 0.14.1-1-g650416f (webtiles) character file.

3007 JerBear56 the Insei (level 9, -7/49 HPs)
             Began as a Vine Stalker Monk on May 9, 2014.
             Was a Priest of Fedhas.
             Shot with a bolt of frost by an orc warlord (31 damage)
             ... in a bailey on May 11, 2014.
             The game lasted 01:09:18 (5520 turns).

JerBear56 the Insei (Vine Stalker Monk)             Turns: 5520, Time: 01:09:18

HP  -7/49        AC  4     Str 17      XL: 9   Next: 57%
MP   0/18        EV 12     Int 10 (11) God: Fedhas [***...]
Gold 438         SH 22     Dex 16 (18) Spells:  1 memorised,  7 levels left

rFire  . . .     SeeInvis .       - Unarmed
rCold  . . .     Clarity  .     a - +0 robe
rNeg   . . .     Conserve .     y - +2 shield
rPois  +         rCorr    .     (no helmet)
rElec  .         rRot     +     j - +1 cloak
SustAb . .       Spirit   +     (no gloves)
rMut   .         Warding  .     (no boots)
Gourm  +         Stasis   .     i - amulet of the gourmand
MR     +....                    f - +0,+6 ring of slaying
                                F - ring "Emavuer" {Wiz rPois Str+2 Acc-2}

@: somewhat resistant to hostile enchantments, quite stealthy
A: fangs 3, deterioration 1, regeneration 2, magic shield, antimagic bite, no
device heal
a: Evolution, Sunlight, Growth, Renounce Religion


You were in a bailey.
You worshipped Fedhas.
Fedhas was most pleased with you.
You were very full.

You visited 1 branch of the dungeon, and saw 7 of its levels.
You also visited: Bailey.

You collected 438 gold pieces.

Inventory:

Missiles
 m - 30 stones (quivered)
 B - 20 silver darts
 K - 8 javelins
 L - 15 tomahawks of returning
Armour
 a - a +0 robe (worn)
 j - a +1 cloak (worn)
 o - a +3 chain mail of positive energy
 q - a +0 leather armour
 y - a +2 shield (worn)
Magical devices
 h - a wand of frost (5)
 s - a wand of frost (8)
 x - a wand of heal wounds (8)
 H - a wand of frost (13)
 M - a wand of fireball (3)
Comestibles
 b - 3 bread rations
 g - 3 meat rations
Scrolls
 c - 2 scrolls of enchant armour
 e - 3 scrolls of fear
 n - 2 scrolls of magic mapping
 p - a scroll of recharging
 r - 7 scrolls of identify
 C - a scroll of enchant weapon II
 G - 2 scrolls of teleportation
 J - 4 scrolls of remove curse
 P - a scroll of enchant weapon I
 R - a scroll of amnesia
Jewellery
 d - an uncursed ring of protection from magic
 f - a +0,+6 ring of slaying (right hand)
 i - an amulet of the gourmand (around neck)
 z - an uncursed amulet of clarity
 D - a +2 ring of strength
 F - the ring "Emavuer" (left hand) {Wiz rPois Str+2 Acc-2}
   (You took it off a hobgoblin on level 6 of the Dungeon)

   [ring of wizardry]

   It affects your strength (+2).
   It affects your accuracy with ranged weapons and melee attacks (-2).
   It protects you from poison.
Potions
 k - a potion of invisibility
 l - a potion of magic
 t - 6 potions of heal wounds
 u - 3 potions of curing
 v - a potion of restore abilities
 A - a potion of porridge
Books
 w - a book of Callings

   Spells                             Type                      Level
   *Summon Small Mammal               Summoning                    1
   Call Imp                           Summoning                    2
   Call Canine Familiar               Summoning                    3
   Summon Guardian Golem              Hexes/Summoning              4
   Summon Lightning Spire             Summoning/Air                4
   Summon Ice Beast                   Ice/Summoning                4
 E - Muduebat's Papyrus of Creative Curses
   (You found it on level 5 of the Dungeon)

   Spells                             Type                      Level
   Spectral Weapon                    Hexes/Charms                 3
   Leda's Liquefaction                Hexes/Earth                  4
   Summon Guardian Golem              Hexes/Summoning              4
   Summon Ice Beast                   Ice/Summoning                4
   Silence                            Hexes/Air                    5


   Skills:
 * Level 6.3 Fighting
 + Level 1.7 Throwing
 + Level 4.1 Dodging
 - Level 5.4 Stealth
 * Level 5.1 Shields
 * Level 7.2 Unarmed Combat
 + Level 3.8 Invocations


You had 7 spell levels left.
You knew the following spells:

 Your Spells              Type           Power        Failure   Level  Hunger
a - Summon Small Mammal   Summ           #...         58%         1    ##.....


Dungeon Overview and Level Annotations

Branches:
Dungeon (7/15)
 Temple: D:4-7

Altars:
Ashenzari
Fedhas
Nemelex Xobeh
Okawaru
Trog
Xom
Yredelemnul
The Shining One

Shops:
D:6 (}


Innate Abilities, Weirdness & Mutations

You are immune to rotting.
You have razor-sharp teeth.
You heal very quickly.
When hurt, damage is shared between your health and your magic reserves.
Your bite disrupts and absorbs the magic of your enemies.
Potions and wands cannot restore your HP.
Your body is slowly deteriorating.


Message History

The orc warlord is engulfed in a cloud of spores!
Something hits your wandering mushroom! x2
Your wandering mushroom is destroyed!
You feel a little guilty.
The orc warlord roars a battle-cry!
The orc knight unwields an uncursed war axe.
The orc knight drops an uncursed war axe.
The orc knight picks up an uncursed war axe.
The orc knight wields an uncursed war axe.
Things that are here:
an uncursed war axe; a plate armour
There is a fountain of clear blue water here.
Use which ability? (? or * to list) No fruit available.
The orc warlord shoots a bolt of frost.
You block the bolt of frost.
You see here a bolt.
The orc warlord shoots a bolt of frost.
The bolt of frost hits you!
Ouch! That really hurt!
You die...
Fedhas appreciates your contribution to the ecosystem.

..##..)..og##)......##
.. #....o..#)oo......#
. ##88o88##...).....##
o ###'###.....⌠.....#
#... ##..g......##
g..... #....o....#
#.......##.......##
........o#...(...#
.g...g. ##..@..## .o.
####)## ##.....##
#.......# ##.......##
#.........#
##.........##
#######.....⌠.....#
##.....##.........##


You could see an orc warlord, an orc knight (frenzied), an orc warrior
(frenzied) and a gnoll sergeant.

Vanquished Creatures
  The ghost of andrew the Chopper, an average HOAK of Lugonu (D:3)
  An ogre (D:4)
  A centaur (D:6)
  3 giant frogs (D:6)
  A scorpion (D:5)
  A goliath beetle (D:6)
  A crimson imp (D:6)
  A giant frog skeleton (D:7)
  A jelly (D:6)
  Crazy Yiuf (D:2)
  An orc priest (D:4)
  4 hounds (D:6)
  3 orc wizards
  A worker ant (D:4)
  A big kobold zombie (D:5)
  An ogre zombie (D:6)
  Ijyb (D:7)
  2 adders (D:2)
  9 gnolls
  A giant mite (D:6)
  3 worms
  2 giant geckos
  18 orcs
  13 bats
  A giant cockroach (D:2)
  14 goblins
  21 hobgoblins
  4 jackals (D:1)
  3 giant newts
  13 kobolds
  A kobold skeleton (D:4)
  12 rats
  A spectral orc (D:6)
142 creatures vanquished.

Vanquished Creatures (collateral kills)
  2 orc knights (Bailey)
  An ogre (D:6)
  5 orc warriors (Bailey)
  2 centaurs (D:6)
  A giant frog (D:6)
  3 big kobolds (D:6)
  A scorpion (D:6)
  An orc priest (D:6)
  A jelly (D:6)
  12 gnolls
  3 orcs
  13 goblins (Bailey)
  15 hobgoblins
  A giant cockroach (D:6)
  3 kobolds (D:6)
  A rat (D:6)
65 creatures vanquished.

Vanquished Creatures (others)
  2 oklob plants (Bailey)
  5 wandering mushrooms (Bailey)
  A bat (Bailey)
  A plant (Bailey)
  56 toadstools
65 creatures vanquished.

Grand Total: 272 creatures vanquished

Notes
Turn   | Place    | Note
--------------------------------------------------------------
     0 | D:1      | JerBear56, the Vine Stalker Monk, began the quest for the Orb.
     0 | D:1      | Reached XP level 1. HP: 11/11 MP: 1/1
   184 | D:1      | Reached XP level 2. HP: 16/16 MP: 3/3
   552 | D:2      | Reached XP level 3. HP: 20/20 MP: 4/4
   747 | D:2      | Reached XP level 4. HP: 24/24 MP: 5/5
   994 | D:2      | Noticed Crazy Yiuf
  1004 | D:2      | Killed Crazy Yiuf
  1004 | D:2      | Reached XP level 5. HP: 15/29 MP: 7/7
  1028 | D:2      | Paralysed by a potion of paralysis for 2 turns
  1030 | D:2      | Gained mutation: Your vision is a little blurry. [potion of mutation]
  1030 | D:2      | Gained mutation: Your body is slowly deteriorating. [potion of mutation]
  1030 | D:2      | Lost mutation: Your vision is a little blurry. [potion of mutation]
  1192 | D:3      | Reached skill level 1 in Shields
  1242 | D:3      | Noticed andrew's ghost (average HOAK)
  1328 | D:3      | Found a shimmering altar of Xom.
  1398 | D:4      | Noticed an ogre
  1412 | D:4      | Killed an ogre
  1412 | D:4      | Reached skill level 5 in Unarmed Combat
  1412 | D:4      | Gained mutation: You heal very quickly. [vine stalker growth]
  1412 | D:4      | Reached XP level 6. HP: 33/33 MP: 8/8
  1524 | D:4      | Found a sparkling altar of Nemelex Xobeh.
  1850 | D:4      | Found a bloodstained altar of Trog.
  2115 | D:3      | Found a glowing golden altar of the Shining One.
  2182 | D:3      | Killed andrew's ghost
  2182 | D:3      | Reached XP level 7. HP: 29/38 MP: 9/9
  2395 | D:5      | Entered Level 5 of the Dungeon
  2398 | D:5      | Found an iron altar of Okawaru.
  2540 | D:5      | Identified Muduebat's Papyrus of Creative Curses
  2708 | D:5      | Found a blossoming altar of Fedhas.
  2834 | D:5      | Became a worshipper of Fedhas Madash
  2834 | D:5      | Acquired Fedhas' first power
  2834 | D:5      | Acquired Fedhas' second power
  2890 | D:5      | Found a shattered altar of Ashenzari.
  3250 | D:6      | Found a basalt altar of Yredelemnul.
  3359 | D:6      | Reached skill level 1 in Invocations
  3466 | D:6      | Reached skill level 6 in Unarmed Combat
  3466 | D:6      | Gained mutation: You have razor-sharp teeth. [vine stalker growth]
  3466 | D:6      | Reached XP level 8. HP: 39/42 MP: 12/12
  3646 | D:6      | Reached skill level 5 in Fighting
  3707 | D:6      | Found Chicanuh's Antique Weapon Boutique.
  3897 | D:6      | Got a crude pewter ring
  3932 | D:6      | Reached skill level 5 in Stealth
  4267 | D:6      | Found Quacu's Gadget Shop.
  4883 | D:6      | Identified the ring "Emavuer" {Wiz rPois Str+2 Acc-2} (You took it off a hobgoblin on level 6 of the Dungeon)
  4992 | D:7      | Noticed Ijyb
  5009 | D:7      | Killed Ijyb
  5011 | D:7      | Acquired Fedhas' third power
  5017 | D:7      | Found a flagged portal.
  5067 | Bailey   | Entered a bailey
  5165 | Bailey   | Reached XP level 9. HP: 48/48 MP: 14/17
  5245 | Bailey   | Noticed an orc knight
  5266 | Bailey   | Noticed an orc knight
  5296 | Bailey   | Learned a level 1 spell: Summon Small Mammal
  5326 | Bailey   | Reached skill level 1 in Throwing
  5429 | Bailey   | Noticed an orc warlord
  5452 | Bailey   | Noticed an orc knight
  5452 | Bailey   | Killed an orc knight
  5452 | Bailey   | Reached skill level 7 in Unarmed Combat
  5489 | Bailey   | Killed an orc knight
  5489 | Bailey   | Reached skill level 5 in Shields
  5520 | Bailey   | Shot with a bolt of frost by an orc warlord

Action                   |  1- 3 |  4- 6 |  7- 9 || total
-------------------------+-------+-------+-------++-------
Melee: Unarmed           |    50 |    98 |   166 ||   314
Throw: Stone             |     6 |    10 |    65 ||    81
       Tomahawk          |       |       |     8 ||     8
 Cast: Summon Small Mamm |       |       |     1 ||     1
Invok: Evolution         |       |       |    12 ||    12
       Growth            |       |       |     1 ||     1
Evoke: Wand              |       |     7 |     3 ||    10
  Use: Scroll            |     5 |     9 |     5 ||    19
       Potion            |     4 |     6 |     5 ||    15
 Stab: Sleeping          |     3 |     4 |     8 ||    15
       Distracted        |       |       |     2 ||     2
